 Dungeon Crawl Stone Soup version 0.29.0-11-gd7f09526c8 (console) character file.

Game seed: 13101188952393375307

6276 erker the Magician (level 10, -11/76 HPs)
             Began as a Gnoll Earth Elementalist on Sept 4, 2022.
             Was a Believer of Cheibriados.
             Mangled by a swamp worm (20 damage)
             ... in a Gauntlet.
             The game lasted 00:39:51 (10502 turns).

erker the Magician (Gnoll Earth Elementalist)      Turns: 10502, Time: 00:39:52

Health: -11/76     AC: 12    Str: 12    XL:     10   Next: 94%
Magic:  20/21      EV: 20    Int: 23    God:    Cheibriados [**....]
Gold:   526        SH:  0    Dex: 19    Spells: 13/24 levels left

rFire   + + .      SeeInvis .   b - +2 whip (elec)
rCold   + . .      Faith    .   (no shield)
rNeg    . . .      Spirit   .   q - +3 leather armour {rF+}
rPois   .          Reflect  .   N - +0 helmet
rElec   .          Harm     .   C - scarf {rC+ rF+}
rCorr   .          Rampage  .   (no gloves)
Will    .....      NoTele   +   (no boots)
Stlth   ++++......              B - amulet of regeneration
HPRegen 1.02/turn               n - +4 ring of evasion
MPRegen 0.17/turn               A - +4 ring of protection

@: brilliant, very slow
A: fangs 1, strong nose, distributed training
a: Renounce Religion, Bend Time


You were in a Gauntlet.
You worshipped Cheibriados.
Cheibriados was pleased with you.
You visited 2 branches of the dungeon, and saw 12 of its levels.
You also visited: Gauntlet.

You collected 526 gold pieces.

Inventory:

Hand Weapons
 a - a +0 vampiric dagger
 b - a +2 whip of electrocution (weapon)
 z - a +4 flail of freezing
 K - a +2 flail of holy wrath
Missiles
 e - 9 poisoned darts
 I - a curare-tipped dart
 M - a throwing net
Armour
 g - a +0 kite shield
 j - a +2 robe of resistance
 q - a +3 leather armour of fire resistance (worn)
 C - a scarf of resistance (worn)
 N - a +0 helmet (worn)
 P - +0 fire dragon scales
Jewellery
 n - a +4 ring of evasion (left hand)
 x - a ring of protection from cold
 A - a +4 ring of protection (right hand)
 B - an amulet of regeneration (around neck)
Wands
 o - a wand of roots (23)
 G - a wand of light (11)
 J - a wand of mindburst (3)
Scrolls
 d - a scroll of enchant weapon {unknown}
 f - 2 scrolls of fear {unknown}
 h - 2 scrolls of amnesia
 i - 2 scrolls of vulnerability
 s - a scroll of brand weapon
 u - 4 scrolls of immolation
 v - a scroll of magic mapping {unknown}
 w - 2 scrolls of teleportation
 y - a scroll of butterflies {unknown}
 E - a scroll of enchant armour {unknown}
 O - 2 scrolls of silence
Potions
 c - 2 potions of berserk rage
 k - 2 potions of might
 l - a potion of heal wounds
 m - 10 potions of curing
 p - a potion of flight
 r - 3 potions of attraction
 t - 2 potions of lignification
 D - a potion of mutation
 H - 4 potions of haste
 L - 3 potions of magic


   Skills:
 + Level 6.0 Fighting
 + Level 6.0 Short Blades
 + Level 6.0 Long Blades
 + Level 6.0 Axes
 + Level 6.0 Maces & Flails
 + Level 6.0 Polearms
 + Level 6.0 Staves
 + Level 6.0 Ranged Weapons
 + Level 6.0 Throwing
 + Level 6.0 Armour
 + Level 7.6 Dodging
 + Level 7.3 Stealth
 + Level 6.0 Shields
 + Level 6.0 Unarmed Combat
 + Level 7.9 Spellcasting
 + Level 4.9 Conjurations
 + Level 4.9 Hexes
 + Level 4.9 Summonings
 + Level 4.9 Necromancy
 + Level 4.9 Translocations
 + Level 5.4 Transmutations
 + Level 4.9 Fire Magic
 + Level 4.9 Ice Magic
 + Level 4.9 Air Magic
 + Level 7.4 Earth Magic
 + Level 4.9 Poison Magic
 + Level 6.5 Invocations
 + Level 6.0 Evocations


You had 13 spell levels left.
You knew the following spells:

 Your Spells              Type           Power      Damage    Failure   Level
a - Sandblast             Erth           100%       2d20      1%          1
g - Gell's Gravitas       Tloc           47%        N/A       3%          3
p - Petrify               Tmut/Erth      55%        N/A       6%          4
w - Passwall              Tmut/Erth      45%        N/A       1%          2
x - Apportation           Tloc           94%        N/A       1%          1

Your spell library contained the following spells:

 Spells                   Type           Power      Damage    Failure   Level
 Necrotise                Necr           100%       1d9       1%          1
 Summon Small Mammal      Summ           100%       N/A       1%          1
 Stone Arrow              Conj/Erth      100%       3d13      1%          3
 Lesser Beckoning         Tloc           47%        N/A       3%          3
 Teleport Other           Tloc           47%        N/A       3%          3
 Vampiric Draining        Necr           47%        2d9       3%          3
 Corpse Rot               Necr/Pois/Air  47%        N/A       11%         4
 Dispel Undead            Necr           47%        3d18      11%         4
 Agony                    Necr           47%        N/A       30%         5
 Death Channel            Necr           23%        N/A       86%         6


Dungeon Overview and Level Annotations

Branches:
Dungeon (11/15)            Temple (1/1) D:6         Gauntlet (1/1)
   Lair: D:8-11         Orc: D:9-12

Altars:
Ashenzari
Cheibriados
Dithmenos
Elyvilon
Fedhas
Gozag
Hepliaklqana
Kikubaaqudgha
Nemelex Xobeh
Okawaru
Qazlal
Ru
Sif Muna
Trog
Uskayaw
Vehumet
Wu Jian
Xom
Yredelemnul
Zin
The Shining One

Shops:
D:11 *

Annotations:
D:2 1 runed translucent door, Crazy Yiuf Gauntlet 9 transporters


Innate Abilities, Weirdness & Mutations

You have very sharp teeth.
Your uncanny sense of smell can sniff out nearby items.
Your experience applies equally to all skills.


Message History

Unknown command.
Unknown command.
Unknown command.
Casting: Petrify (dangerous; 6% risk of failure)
Confirm with . or Enter, or press ? or * to list all spells.
Aiming: Petrify (dangerous; 6% risk of failure)
Press: ? - help, Shift-Dir - straight line, f - swamp worm
Aim: a swamp worm (chance to affect: 80%)
You feel a surge of power!
The swamp worm is moving more slowly.
The swamp worm fires a harpoon shot at you.
The harpoon shot hits you!
You are yanked forward by the harpoon shot.
The swamp worm bites you but does no damage.
The tyrant leech bites you!!
The tyrant leech draws strength from your injuries!
The swamp worm completely misses you.
There is a transporter landing site, spattered with blood here.
The swamp worm fires a harpoon shot at you.
The harpoon shot hits you!
You are yanked forward by the harpoon shot.
The swamp worm bites you!
* * * LOW HITPOINT WARNING * * *
The tyrant leech bites you!
* * * LOW HITPOINT WARNING * * *
The tyrant leech draws strength from your injuries!
The swamp worm closely misses you.
There is a transporter landing site, spattered with blood here.
Okay, then.
Unknown command.
Unknown command.
Unknown command.
As you read the scroll labelled PEZIUSA JUICK, it crumbles to dust.
It is a scroll of brand weapon.
Your +4 vorpal flail is covered with a thin layer of ice!
z - a +4 flail of freezing The swamp worm bites you but does no damage.
The tyrant leech completely misses you. The swamp worm bites you.
* * * LOW HITPOINT WARNING * * *
The swamp worm bites you!!
You die...

#######..§###########..###
.©.#....§....#.©.#.....#8#
...#...≈8§§..#...#.8...###
.©.#....§..§.#.©.#.....#
#######...###########..###
......#...#..#......#..#8#
......#...#...#.....#..###
#####.#...#...#www.##..#
.#.#.##...#....#@##.#..##
.©....#...#...###...#..#8
#.#.#.#...#.##.#....#..##
#####.#...##....#...#..#
......#...#.....#...#..#
!©=.32#...#[..?©=#..#..#8
#######§§.###########..##
.©.#..§.≈....#.©.#.....#
...#...≈8§...#...#.8...#


You could see a tyrant leech and 2 swamp worms.

Vanquished Creatures
  A two-headed ogre (D:10)
  Pikel (D:9)
  A hornet (D:9)
  Eustachio (D:6)
  2 shadows
  Sigmund (D:4)
  3 yaks (D:8)
  3 wyverns
  A steam dragon (D:9)
  Menkaure (D:7)
  Edmund (D:5)
  Duvessa (D:6)
  3 water moccasins
  3 ice beasts (D:6)
  2 black bears
  2 orc warriors (D:9)
  An ogre (D:6)
  2 centaurs
  A kobold brigand (D:8)
  3 bullfrogs
  A necrophage (D:6)
  Dowan (D:6)
  10 killer bees
  3 howler monkeys (D:9)
  5 hounds
  3 orc priests
  5 jellies
  7 iguanas
  10 orc wizards
  8 adders
  A dart slug (D:4)
  15 orcs
  6 endoplasms
  2 giant cockroaches
  8 goblins
  6 hobgoblins
  10 kobolds
  2 quokkas
  7 ball pythons
  7 bats
  2 frilled lizards (D:1)
  8 rats
161 creatures vanquished.

Vanquished Creatures (others)
  6 fungi
  13 plants (Gauntlet)
19 creatures vanquished.

Grand Total: 180 creatures vanquished

Notes
Turn   | Place    | Note
-------+----------+-------------------------------------------
     0 | D:1      | erker the Gnoll Earth Elementalist began the quest for the
                  | Orb.
     0 | D:1      | Reached XP level 1. HP: 13/13 MP: 6/6
    76 | D:1      | Reached XP level 2. HP: 19/19 MP: 2/7
   801 | D:1      | Found a faded altar of an unknown god.
  1046 | D:2      | Reached skill level 5 in Spellcasting
  1046 | D:2      | Reached XP level 3. HP: 25/25 MP: 6/9
  1086 | D:2      | Reached skill level 1 in Invocations
  1210 | D:2      | Reached skill level 1 in Fighting
  1210 | D:2      | Reached skill level 1 in Short Blades
  1210 | D:2      | Reached skill level 1 in Long Blades
  1210 | D:2      | Reached skill level 1 in Axes
  1210 | D:2      | Reached skill level 1 in Maces & Flails
  1210 | D:2      | Reached skill level 1 in Polearms
  1210 | D:2      | Reached skill level 1 in Staves
  1210 | D:2      | Reached skill level 1 in Ranged Weapons
  1210 | D:2      | Reached skill level 1 in Throwing
  1210 | D:2      | Reached skill level 1 in Armour
  1210 | D:2      | Reached skill level 1 in Shields
  1210 | D:2      | Reached skill level 1 in Unarmed Combat
  1210 | D:2      | Reached skill level 1 in Evocations
  1364 | D:2      | Learned a level 2 spell: Passwall
  1366 | D:2      | Learned a level 1 spell: Apportation
  1371 | D:2      | Reached XP level 4. HP: 32/32 MP: 7/11
  1906 | D:2      | Reached skill level 1 in Conjurations
  1906 | D:2      | Reached skill level 1 in Hexes
  1906 | D:2      | Reached skill level 1 in Summonings
  1906 | D:2      | Reached skill level 1 in Necromancy
  1906 | D:2      | Reached skill level 1 in Translocations
  1906 | D:2      | Reached skill level 1 in Fire Magic
  1906 | D:2      | Reached skill level 1 in Ice Magic
  1906 | D:2      | Reached skill level 1 in Air Magic
  1906 | D:2      | Reached skill level 1 in Poison Magic
  2322 | D:2      | Found a runed translucent door.
  2323 | D:2      | Noticed Crazy Yiuf
  2629 | D:3      | Reached XP level 5. HP: 37/37 MP: 8/12
  3329 | D:4      | Reached XP level 6. HP: 29/44 MP: 8/13
  3444 | D:4      | Noticed Sigmund
  3457 | D:4      | Learned a level 4 spell: Petrify
  3887 | D:4      | Killed Sigmund
  3888 | D:4      | Reached skill level 5 in Dodging
  4247 | D:5      | Entered Level 5 of the Dungeon
  4461 | D:5      | Noticed Edmund
  4550 | D:5      | Killed Edmund
  4551 | D:5      | Reached XP level 7. HP: 47/51 MP: 11/15
  4779 | D:5      | Reached skill level 5 in Stealth
  5111 | D:5      | You fall into a shaft and drop 1 floor!
  5120 | D:6      | Noticed Eustachio
  5225 | D:6      | Reached XP level 8. HP: 58/58 MP: 12/16
  5304 | D:6      | Found a shadowy altar of Dithmenos.
  5304 | D:6      | Found an iron altar of Okawaru.
  5314 | D:6      | Found a staircase to the Ecumenical Temple.
  5323 | Temple   | Entered the Ecumenical Temple
  5413 | Temple   | Became a worshipper of Cheibriados the Contemplative
  5523 | D:6      | Found a blossoming altar of Fedhas.
  5554 | D:6      | Noticed Dowan
  5555 | D:6      | Noticed Duvessa
  6010 | D:5      | Identified the +3 scale mail of Wiprequl {*Corrode Str+6
                  | Int-3 SInv}
  6819 | D:6      | Killed Eustachio
  6883 | D:6      | Killed Dowan
  6884 | D:6      | Reached XP level 9. HP: 65/65 MP: 8/18
  6896 | D:6      | Killed Duvessa
  7480 | D:7      | Reached * piety under Cheibriados
  7636 | D:7      | Found a bloodstained altar of Trog.
  7636 | D:7      | Found a glowing golden altar of the Shining One.
  7636 | D:7      | Noticed Menkaure
  7642 | D:7      | Killed Menkaure
  7643 | D:7      | Reached skill level 5 in Invocations
  8449 | D:8      | Found a sacrificial altar of Ru.
  8776 | D:8      | Reached ** piety under Cheibriados
  8777 | D:8      | Reached skill level 5 in Fighting
  8777 | D:8      | Reached skill level 5 in Short Blades
  8777 | D:8      | Reached skill level 5 in Long Blades
  8777 | D:8      | Reached skill level 5 in Axes
  8777 | D:8      | Reached skill level 5 in Maces & Flails
  8777 | D:8      | Reached skill level 5 in Polearms
  8777 | D:8      | Reached skill level 5 in Staves
  8777 | D:8      | Reached skill level 5 in Ranged Weapons
  8777 | D:8      | Reached skill level 5 in Throwing
  8777 | D:8      | Reached skill level 5 in Armour
  8777 | D:8      | Reached skill level 5 in Shields
  8777 | D:8      | Reached skill level 5 in Unarmed Combat
  8777 | D:8      | Reached skill level 5 in Evocations
  8777 | D:8      | Reached XP level 10. HP: 74/74 MP: 17/20
  8935 | D:8      | Found a basalt altar of Yredelemnul.
  9501 | D:9      | Reached skill level 5 in Transmutations
  9702 | D:9      | Noticed Pikel
  9737 | D:9      | Killed Pikel
 10031 | D:10     | Entered Level 10 of the Dungeon
 10031 | D:10     | Noticed a two-headed ogre
 10042 | D:10     | Killed a two-headed ogre
 10152 | D:11     | Found Pere's General Store.
 10235 | D:11     | Found a gate leading to a gauntlet.
 10244 | Gauntlet | Entered a Gauntlet
 10244 | Gauntlet | Found a transporter.
 10244 | Gauntlet | Found a transporter.
 10244 | Gauntlet | Found a transporter.
 10253 | Gauntlet | Found a transporter.
 10257 | Gauntlet | Found a transporter.
 10268 | Gauntlet | Found a transporter.
 10270 | Gauntlet | Noticed a black mamba
 10270 | Gauntlet | a hog changed into a black mamba
 10273 | Gauntlet | Noticed a cacodemon
 10277 | Gauntlet | a black mamba changed into a golden eye
 10281 | Gauntlet | Found a transporter.
 10283 | Gauntlet | Found a transporter.
 10290 | Gauntlet | Noticed a seven-headed hydra
 10291 | Gauntlet | Noticed a torpor snail
 10296 | Gauntlet | Noticed a hell hog
 10297 | Gauntlet | Found a transporter.
 10326 | Gauntlet | Found a transporter.
 10344 | Gauntlet | Found a transporter.
 10348 | Gauntlet | Found a transporter.
 10362 | Gauntlet | Noticed a black mamba
 10366 | Gauntlet | Noticed a salamander
 10366 | Gauntlet | a black mamba changed into a salamander
 10498 | Gauntlet | Learned a level 3 spell: Gell's Gravitas
 10502 | Gauntlet | Mangled by a swamp worm

Illustrated notes

Levels and vault maps discovered:
D:1:      mrwooster_arrival_statue_2, layout_loops_ring,
          shapermc_ecumenical_altar_mp_vishouse
D:2:      layout_basic, kennysheep_generic_room_15, uniq_crazy_yiuf_cottage
D:3:      layout_basic
D:4:      layout_cave_pods, uniq_sigmund
D:5:      layout_basic, uniq_edmund
D:6:      layout_basic, fedhas_ov_isle_minmay, gammafunk_temple_overflow_pools,
          minmay_temple_entry_stoned_glass, grunt_ministairs_8, uniq_eustachio,
          uniq_duvessa
D:7:      layout_loops_ring, mainiacjoe_overflow_divided_tiny,
          roderic_roman_lattice, uniq_menkaure
D:8:      layout_loops_corners, nicolae_ru_great_annihilating_truth,
          lemuel_coloured_pillars_altar
D:9:      layout_cave_pools, nicolae_underground_beach, uniq_pikel
D:10:     layout_small_grid, kennysheep_mini, david_lair_generic,
          nicolae_two_hexagons, nicolae_shop_fire_sale [nicolae_sub_dead_trees]
D:11:     layout_rooms, zombieorc2_lemuel, serial_shops,
          nicolae_shop_advertising_works [nicolae_subvault_shop_adworks],
          gauntlet_entry_generic, uniq_lodul
Temple:   jpeg_temple_clearing
Gauntlet: gammafunk_gauntlet_hard_choice [gammafunk_gauntlet_arena_grid,
          nicolae_gauntlet_arena_t_cross, gammafunk_gauntlet_arena_teeth,
          nicolae_gauntlet_swirl, nicolae_gauntlet_arena_blocks,
          gammafunk_gauntlet_arena_hedges, gauntlet_exit_watery]

Skill      XL: |  1  2  3  4  5  6  7  8  9 10 |
---------------+-------------------------------+-----
Transmutations | 2 3 4 5 |  5.4
Spellcasting   | 5 6 7 |  7.9
Invocations    | 1 2 3 4 5 6 |  6.5
Fighting       | 1 2 3 5 6 |  6.0
Short Blades   | 1 2 3 5 6 |  6.0
Long Blades    | 1 2 3 5 6 |  6.0
Axes           | 1 2 3 5 6 |  6.0
Maces & Flails | 1 2 3 5 6 |  6.0
Polearms       | 1 2 3 5 6 |  6.0
Staves         | 1 2 3 5 6 |  6.0
Ranged Weapons | 1 2 3 5 6 |  6.0
Throwing       | 1 2 3 5 6 |  6.0
Armour         | 1 2 3 5 6 |  6.0
Shields        | 1 2 3 5 6 |  6.0
Unarmed Combat | 1 2 3 5 6 |  6.0
Evocations     | 1 2 3 5 6 |  6.0
Conjurations   | 1 2 3 4 |  4.9
Hexes          | 1 2 3 4 |  4.9
Summonings     | 1 2 3 4 |  4.9
Necromancy     | 1 2 3 4 |  4.9
Translocations | 1 2 3 4 |  4.9
Fire Magic     | 1 2 3 4 |  4.9
Ice Magic      | 1 2 3 4 |  4.9
Air Magic      | 1 2 3 4 |  4.9
Poison Magic   | 1 2 3 4 |  4.9
Dodging        | 5 6 7 |  7.6
Stealth        | 5 6 7 |  7.3
Earth Magic    | 6 7 |  7.4

Action                   |  1- 3 |  4- 6 |  7- 9 | 10-12 || total
-------------------------+-------+-------+-------+-------++-------
Melee: Unarmed           |     1 |       |       |       ||     1
       Dagger            |    19 |   231 |    82 |    31 ||   363
       Bite              |       |    48 |     9 |     5 ||    62
       Punch             |       |    11 |     5 |     4 ||    20
       Whip              |       |       |       |     5 ||     5
       Flail             |       |       |       |     3 ||     3
 Cast: Sandblast         |    40 |    31 |    85 |    37 ||   193
       Passwall          |     1 |     4 |    15 |     1 ||    21
       Petrify           |       |     4 |    19 |    16 ||    39
  Use: Scroll            |       |       |     8 |     7 ||    15
       Potion            |       |       |     1 |     1 ||     2
 Stab: Sleeping          |     2 |     8 |    14 |     1 ||    25
       Petrified         |       |     9 |    19 |    13 ||    41
       Petrifying        |       |       |     3 |     3 ||     6
       Paralysed         |       |       |     1 |       ||     1
Armor: Robe              |    10 |     3 |     7 |       ||    20
       Leather armour    |       |       |     8 |    26 ||    34
Dodge: Dodged            |    26 |    77 |    89 |    78 ||   270
